 Dungeon Crawl Stone Soup version 0.26-a0-651-gb41185065b (webtiles) character file.

Game seed: 9275415975467190015

161 Irenicus the Digger (level 5, 42/42 HPs)
             Began as a Deep Dwarf Earth Elementalist on Oct 18, 2020.
             Quit the game on level 4 of the Dungeon.
             The game lasted 00:11:52 (2035 turns).

Irenicus the Digger (Deep Dwarf Earth Elementalist) Turns: 2035, Time: 00:11:53

Health: 42/42      AC:  5    Str: 17 (18) XL:     5   Next: 19%
Magic:  7/7        EV: 11    Int: 13 (16) God:
Gold:   224        SH:  0    Dex: 11 (13) Spells: 4/7 levels left

rFire    . . .     SeeInvis .   d - +0 dagger
rCold    . . .     Faith    .   (no shield)
rNeg     . . .     Spirit   .   j - +0 ring mail
rPois    .         Reflect  .   (no helmet)
rElec    .         Harm     .   (no cloak)
rCorr    .         Rampage  .   (no gloves)
MR       .....                  (no boots)
Stlth    +.........             (no amulet)
HPRegen  0.00/turn              l - +6 ring of strength
MPRegen  0.10/turn              (no ring)

@: non-regenerating
A: damage resistance, heal wounds, sense surroundings 1, no regeneration
a: Heal Wounds


You were on level 4 of the Dungeon.
You visited 1 branch of the dungeon, and saw 4 of its levels.

You collected 224 gold pieces.

Inventory:

Hand Weapons
 b - a +0 dagger
   (You took it off a kobold on level 3 of the Dungeon)
 d - a +0 dagger (weapon)
   (You took it off a kobold on level 1 of the Dungeon)
Missiles
 k - 8 curare-tipped darts
Armour
 c - a +0 robe
 j - a +0 ring mail (worn)
   (You found it on level 1 of the Dungeon)
 q - a +2 kite shield
   (You found it on level 3 of the Dungeon)
Jewellery
 l - a +6 ring of strength (left hand)
   (You found it on level 2 of the Dungeon)
Wands
 m - a wand of iceblast (11)
   (You found it on level 4 of the Dungeon)
 p - a wand of disintegration (8)
   (You found it on level 3 of the Dungeon)
Scrolls
 a - a scroll of immolation {!r}
 e - 5 scrolls of teleportation
 f - 4 scrolls of identify
 i - a scroll of noise {!r}
 o - 2 scrolls of remove curse
Potions
 h - 2 potions of haste
 r - a potion of mutation {!q}


   Skills:
 - Level 2.1 Dodging
 - Level 2.4 Stealth
 - Level 1.7 Spellcasting
 - Level 0.8 Transmutations
 + Level 7.9 Earth Magic


You had 4 spell levels left.
You knew the following spells:

 Your Spells              Type           Power        Failure   Level
a - Sandblast             Erth           ###...       1%          1
w - Passwall              Tmut/Erth      ##......     12%         2

Your spell library contained the following spells:

 Spells                   Type           Power        Failure   Level
 Stone Arrow              Conj/Erth      ##....       28%         3
 Petrify                  Tmut/Erth      ##......     63%         4
 Lee's Rapid Deconstruct  Erth           ###.......   45%         5


Dungeon Overview and Level Annotations

Branches:
Dungeon (4/15)
 Temple: D:4-7

Altars:
Ashenzari
Cheibriados
Elyvilon
Ru
Wu Jian
Xom
The Shining One


Innate Abilities, Weirdness & Mutations

You are resistant to damage.
You can heal yourself by infusing magical energy.
You passively map a small area around you.
You do not regenerate.


Message History

You completely miss the hobgoblin.
The hobgoblin is lightly wounded.
The hobgoblin hits you but does no damage.
You hit the hobgoblin but do no damage.
The hobgoblin is lightly wounded.
The hobgoblin hits you but does no damage.
The adder hisses angrily.
You hit the hobgoblin but do no damage.
The hobgoblin is lightly wounded.
The hobgoblin hits you but does no damage.
You hit the hobgoblin but do no damage.
The hobgoblin is lightly wounded.
The hobgoblin hits you but does no damage.
You hit the hobgoblin.
The hobgoblin is severely wounded.
The hobgoblin closely misses you.
You hit the hobgoblin.
The hobgoblin is almost dead.
You completely miss the hobgoblin.
The hobgoblin is almost dead.
The hobgoblin hits you but does no damage.
You barely miss the hobgoblin.
The hobgoblin is almost dead.
The adder barely misses you. The hobgoblin hits you with a +0 club.
* * * LOW HITPOINT WARNING * * *
The adder misses you.
You take 3 damage, and have 6/42 hp.
You hit the hobgoblin.
You kill the hobgoblin!
The adder bites you but does no damage.
It was a potion of flight.
You feel very buoyant.
You fly up into the air.
The adder bites you.
* * * LOW HITPOINT WARNING * * *
You take 1 damage, and have 5/42 hp.
It was a potion of might.
You feel very mighty all of a sudden. The adder bites you.
* * * LOW HITPOINT WARNING * * *
You take 3 damage, and have 2/42 hp.
You puncture the adder!
You kill the adder!
It was a potion of degeneration.
There was something very wrong with that liquid.
You feel weakened.
You feel dopey.
You feel clumsy.
There is a stone staircase leading down here.
You fly downwards.
There is a stone staircase leading up here.
You feel much better.
You regained 28 hp, and now have 30/42 hp.
You feel much better.
Health restored: 42 You reach down and open the door.
There is an open door here.
You are starting to lose your buoyancy.
You see here a scroll of immolation {!r}.
a - a scroll of immolation {!r} You float gracefully downwards.
There is an open door here.
You feel a little less mighty now.
g - a scroll labeled LIMAEF KOREK
Found a stone staircase leading down.
m - a wand of iceblast (11)
You open the door.
Found a war axe and a great sword.
Found a broken altar of Ashenzari.
There is an open door here.
e - 5 scrolls of teleportation (gained 1)
There is a dry fountain here.
You see here a hand axe.
You now have 224 gold pieces (gained 14).
A giant cockroach comes into view.
A giant cockroach is nearby!
You hit the giant cockroach but do no damage.
The giant cockroach bites you but does no damage.
You hit the giant cockroach.
The giant cockroach is heavily wounded.
The giant cockroach closely misses you.
You barely miss the giant cockroach.
The giant cockroach is moderately wounded.
The giant cockroach bites you but does no damage.
You hit the giant cockroach.
The giant cockroach is heavily wounded.
The giant cockroach misses you.
The giant cockroach bites you but does no damage.
You hit the giant cockroach.
You kill the giant cockroach!
No target in view!
You see here a giant cockroach corpse.
Okay, then.
As you read the scroll labeled DAORUFRIBA, it crumbles to dust.
The scroll dissolves into smoke.
It was a scroll of fog.
As you read the scroll labeled LIMAEF KOREK, it crumbles to dust.
It is a scroll of amnesia.
Really abort (and waste the scroll)?
Okay, then.
As you read the scroll labeled TISAT WAFU, it crumbles to dust.
You hear a loud clanging noise!
It was a scroll of noise.
You hear a shout! x2; You hear an angry hiss.
You hear a shout!
Are you sure you want to abandon this character and quit the game? (Confirm with "yes".)

* #..#.. ,#..#.##.
##...... ,,,
,,,####.#.. ** *** *
** #....#.. , ,, ,
#....... ,* * * *
#....##. ############
#.....⌠. #.§§@§§.....
#....#..
#.############.#####.
#.#, ..............#.
#.# .....[..#.#...+)
#.# #######.#.#...#.
* #†# , , ,#.#(#.###.
#.# , , #.#.......
#.##########.#.#..#⌠.
#............#.##.#.#


There were no monsters in sight!

Vanquished Creatures
  An orc priest (D:3)
  5 adders
  2 dart slugs (D:1)
  3 orcs (D:3)
  8 giant cockroaches
  10 goblins
  11 hobgoblins
  3 jackals (D:1)
  13 kobolds
  A quokka (D:3)
  7 bats
  5 frilled lizards
  5 rats
74 creatures vanquished.

Notes
Turn   | Place    | Note
-------+----------+-------------------------------------------
     0 | D:1      | Irenicus the Deep Dwarf Earth Elementalist began the quest
                  | for the Orb.
     0 | D:1      | Reached XP level 1. HP: 15/15 MP: 3/3
   173 | D:1      | Reached XP level 2. HP: 22/22 MP: 1/4
   231 | D:1      | Reached skill level 5 in Earth Magic
   497 | D:1      | Reached XP level 3. HP: 21/28 MP: 0/5
   753 | D:2      | Found a white marble altar of Elyvilon.
   754 | D:2      | Reached skill level 6 in Earth Magic
   761 | D:2      | Found a shimmering altar of Xom.
   766 | D:2      | Found a sacrificial altar of Ru.
   769 | D:2      | Found a snail-covered altar of Cheibriados.
   946 | D:2      | Found a faded altar of an unknown god.
  1109 | D:2      | Learned a level 2 spell: Passwall
  1348 | D:3      | Reached XP level 4. HP: 21/36 MP: 2/6
  1375 | D:3      | Found an ornate altar of the Wu Jian Council.
  1400 | D:3      | Reached skill level 7 in Earth Magic
  1504 | D:3      | Found a glowing golden altar of the Shining One.
  1671 | D:3      | Reached XP level 5. HP: 20/42 MP: 7/7
  1688 | D:3      | HP: 10/42 [orc/+2 morningstar of flaming (8)]
  1887 | D:3      | HP: 6/42 [hobgoblin/+0 club (3)]
  1890 | D:3      | HP: 2/42 [adder (3)]
  1969 | D:4      | Found a broken altar of Ashenzari.
  2035 | D:4      | Quit the game

Illustrated notes

Levels and vault maps discovered:
D:1:      wander_arrival_abandoned_jail, layout_loops_corners
D:2:      layout_loops_ring, grunt_temple_overflow_cloverleaf,
          chequers_ecumenical_altar_simple_redux
D:3:      layout_basic, lemuel_doored_altar, lemuel_coloured_pillars_altar
D:4:      layout_basic, serial_shops, shop, evilmike_ruin_ashenzari

Skill      XL: |  1  2  3  4 |
---------------+-------------+-----
Earth Magic    | 5 6 7 |  7.9
Dodging        | |  2.1
Stealth        | |  2.4
Spellcasting   | |  1.7
Transmutations | |  0.8

Action                   |  1- 3 |  4- 6 || total
-------------------------+-------+-------++-------
Melee: Club              |     5 |       ||     5
       Dagger            |    16 |    65 ||    81
 Cast: Sandblast         |    62 |    20 ||    82
       Passwall          |     3 |     3 ||     6
 Abil: Heal Wounds       |       |     2 ||     2
  Use: Scroll            |     3 |     4 ||     7
       Potion            |       |     6 ||     6
Armor: Robe              |    24 |       ||    24
       Ring mail         |     7 |    18 ||    25
Dodge: Dodged            |    74 |    42 ||   116

Table legend: (Time is in decaauts)
 A = Elapsed time spent in this place.
 B = Non-inter-level travel time spent in this place.
 C = Inter-level travel time spent in this place.
 D = Time resting spent in this place.
 E = Time spent auto-exploring this place.
 F = Levels seen in this place.
 G = Mean time per level.
                   A        B        C        D        E       F      G
               +--------+--------+--------+--------+--------+-----+--------+
         Total |   2018 |   2018 |      0 |      0 |    125 |   4 |  504.5 |
       Dungeon |   2018 |   2018 |      0 |      0 |    125 |   4 |  504.5 |
               +--------+--------+--------+--------+--------+-----+--------+

Top non-repeatable levels by time:
     D:1: 735 daAuts
     D:3: 575 daAuts
     D:2: 572 daAuts
     D:4: 135 daAuts

Table legend:
 A = Kills in this place as a percentage of kills in entire the game.
 B = Kills by you in this place as a percentage of kills by you in the entire game.
 C = Kills by friends in this place as a percentage of kills by friends in the entire game.
 D = Other kills in this place as a percentage of other kills in the entire game.
 E = Experience gained in this place as a percentage of experience gained in the entire game.
 F = Experience gained in this place divided by the number of levels of this place that you have seen.
                   A       B       C       D       E      F
               +-------+-------+-------+-------+-------+----------------------
         Total | 100.0 | 100.0 |   N/A |   N/A | 100.0 |  57.8
       Dungeon | 100.0 | 100.0 |   N/A |   N/A | 100.0 |  57.8
               +-------+-------+-------+-------+-------+----------------------
